TOP OF THE 1ST |
Minnesota Twins batting - Pitching for Oakland Athletics : RHP Garrett Richards
|
Pitching: RHP Garrett Richards
|
|
Batting: RHB Whit Merrifield
|
0-0: Bunt for hit to 13 - play at first, batter OUT! 1-3
|
Batting: RHB Miguel Rojas
|
0-0: Ball 1-0: Foul Ball, location: 2F 1-1: DOUBLE (Line Drive, 89D, EV 107.5 MPH)
|
Batting: RHB Carlos Correa
|
0-0: Swinging Strike 0-1: Foul Ball, location: 2F 0-2: Ball 1-2: Strikes out swinging
|
Batting: RHB Edwin Encarnacion
|
0-0: Called Strike 0-1: Ball 1-1: Foul Ball, location: 2F 1-2: Foul Ball, location: 2F 1-2: Strikes out looking
|
Top of the 1st over - 0 runs, 1 hit, 0 errors, 1 left on base; Minnesota 0 - Oakland 0 |
BOTTOM OF THE 1ST |
Oakland Athletics batting - Pitching for Minnesota Twins : RHP Jameson Taillon
|
Pitching: RHP Jameson Taillon
|
|
Batting: LHB Brock Holt
|
0-0: Called Strike 0-1: Swinging Strike 0-2: Foul Ball, location: 2F 0-2: Ground out 4-3 (Groundball, 4M, EV 101.9 MPH)
|
Batting: LHB Joey Votto
|
0-0: Ball 1-0: Fly out, F8 (Flyball, 8RXD, EV 108.1 MPH)
|
Batting: RHB Luke Voit
|
0-0: Called Strike 0-1: Foul Ball, location: 2F 0-2: Strikes out looking
|
Bottom of the 1st over - 0 runs, 0 hits, 0 errors, 0 left on base; Minnesota 0 - Oakland 0 |
TOP OF THE 2ND |
Minnesota Twins batting - Pitching for Oakland Athletics : RHP Garrett Richards
|
Batting: LHB Jay Bruce
|
0-0: Ball 1-0: Called Strike 1-1: Ground out 1-3 (Groundball, 15S, EV 66.9 MPH)
|
Batting: RHB Michael Chavis
|
0-0: Ball 1-0: Ball 2-0: Ball 3-0: Fly out, F7 (Flyball, 78S, EV 95.0 MPH)
|
Batting: RHB Domingo Santana
|
0-0: Foul Ball, location: 2F 0-1: Swinging Strike 0-2: Foul Ball, location: 2F 0-2: Strikes out swinging
|
Top of the 2nd over - 0 runs, 0 hits, 0 errors, 0 left on base; Minnesota 0 - Oakland 0 |
BOTTOM OF THE 2ND |
Oakland Athletics batting - Pitching for Minnesota Twins : RHP Jameson Taillon
|
Batting: RHB Nick Castellanos
|
0-0: Ball 1-0: Ball 2-0: Ball 3-0: Swinging Strike 3-1: Ground out 6-3 (Groundball, 6, EV 92.5 MPH)
|
Batting: LHB Mike Tauchman
|
0-0: Called Strike 0-1: Ball 1-1: Ball 2-1: Foul Ball, location: 2F 2-2: Strikes out swinging
|
Batting: RHB Ramon Laureano
|
0-0: Ball 1-0: Ball 2-0: DOUBLE (Line Drive, 7D, EV 87.5 MPH)
|
Batting: RHB Yandy Diaz
|
0-0: Foul Ball, location: 2F 0-1: Foul Ball, location: 2F 0-2: Ball 1-2: SINGLE (Groundball, 4MD, EV 95.0 MPH) Ramon Laureano to third Runner from 3rd tries for Home, SAFE, throw by CF to home
|
Batting: RHB Kurt Suzuki
|
0-0: Ball 1-0: Ground out 5-3 (Groundball, 56S, EV 91.3 MPH)
|
Bottom of the 2nd over - 1 run, 2 hits, 0 errors, 1 left on base; Minnesota 0 - Oakland 1 |
TOP OF THE 3RD |
Minnesota Twins batting - Pitching for Oakland Athletics : RHP Garrett Richards
|
Batting: RHB Teoscar Hernandez
|
0-0: Ball 1-0: Ground out 5-3 (Groundball, 56S, EV 91.9 MPH)
|
Batting: RHB Roberto Perez
|
0-0: Called Strike 0-1: Ball 1-1: Ball 2-1: Ball 3-1: Bunt for hit to 13 - play at first, batter OUT! 1-3
|
Batting: RHB Whit Merrifield
|
0-0: Ball 1-0: Ball 2-0: Ball 3-0: Called Strike 3-1: Ground out 5-3 (Groundball, 56, EV 89.4 MPH)
|
Top of the 3rd over - 0 runs, 0 hits, 0 errors, 0 left on base; Minnesota 0 - Oakland 1 |
BOTTOM OF THE 3RD |
Oakland Athletics batting - Pitching for Minnesota Twins : RHP Jameson Taillon
|
Batting: SHB Freddy Galvis
|
0-0: Called Strike 0-1: Swinging Strike 0-2: DOUBLE (Line Drive, 5D, EV 106.9 MPH)
|
Batting: LHB Brock Holt
|
0-0: Ball 1-0: Ball 2-0: Foul Ball, location: 2F 2-1: Called Strike 2-2: Foul Ball, location: 2F 2-2: SINGLE (Line Drive, 7LS, EV 88.1 MPH) Freddy Galvis to third
|
Batting: LHB Joey Votto
|
0-0: Ball 1-0: Ball 2-0: Grounds into double play, 6-4-3 (Groundball, 6, EV 91.9 MPH) Freddy Galvis scores
|
Batting: RHB Luke Voit
|
0-0: Called Strike 0-1: Called Strike 0-2: Strikes out looking
|
Bottom of the 3rd over - 1 run, 2 hits, 0 errors, 0 left on base; Minnesota 0 - Oakland 2 |
TOP OF THE 4TH |
Minnesota Twins batting - Pitching for Oakland Athletics : RHP Garrett Richards
|
Batting: RHB Miguel Rojas
|
0-0: Ball 1-0: Fly out, F8 (Flyball, 89D, EV 100.6 MPH)
|
Batting: RHB Carlos Correa
|
0-0: Ball 1-0: Swinging Strike 1-1: Called Strike 1-2: Ball 2-2: Strikes out swinging
|
Batting: RHB Edwin Encarnacion
|
0-0: Ball 1-0: Ground out 6-3 (Groundball, 6, EV 88.1 MPH)
|
Top of the 4th over - 0 runs, 0 hits, 0 errors, 0 left on base; Minnesota 0 - Oakland 2 |
BOTTOM OF THE 4TH |
Oakland Athletics batting - Pitching for Minnesota Twins : RHP Jameson Taillon
|
Batting: RHB Nick Castellanos
|
0-0: Swinging Strike 0-1: Ball 1-1: Ball 2-1: Foul Ball, location: 2F 2-2: Fly out, F8 (Line Drive, 8LM, EV 85.6 MPH)
|
Batting: LHB Mike Tauchman
|
0-0: Ball 1-0: Fly out, F9 (Line Drive, 9, EV 92.5 MPH)
|
Batting: RHB Ramon Laureano
|
0-0: Ball 1-0: Ball 2-0: Ball 3-0: Called Strike 3-1: Base on Balls
|
Batting: RHB Yandy Diaz
|
0-0: Ball 1-0: Called Strike 1-1: Foul Ball, location: 2F 1-2: Ball 2-2: Fly out, F8 (Flyball, 8LXD, EV 91.3 MPH)
|
Bottom of the 4th over - 0 runs, 0 hits, 0 errors, 1 left on base; Minnesota 0 - Oakland 2 |
TOP OF THE 5TH |
Minnesota Twins batting - Pitching for Oakland Athletics : RHP Garrett Richards
|
Batting: LHB Jay Bruce
|
0-0: Called Strike 0-1: Ball 1-1: Called Strike 1-2: Strikes out swinging
|
Batting: RHB Michael Chavis
|
0-0: Ball 1-0: Called Strike 1-1: Called Strike 1-2: Fly out, F8 (Flyball, 8LM, EV 80.0 MPH)
|
Batting: RHB Domingo Santana
|
0-0: Ball 1-0: Swinging Strike 1-1: Ball 2-1: SINGLE (Flyball, 9LS, EV 88.1 MPH)
|
Batting: RHB Teoscar Hernandez
|
0-0: Fielders Choice at 2nd, 5-4 (Groundball, 56, EV 78.8 MPH)
|
Top of the 5th over - 0 runs, 1 hit, 0 errors, 1 left on base; Minnesota 0 - Oakland 2 |
BOTTOM OF THE 5TH |
Oakland Athletics batting - Pitching for Minnesota Twins : RHP Jameson Taillon
|
Batting: RHB Kurt Suzuki
|
0-0: Ball 1-0: Swinging Strike 1-1: Fly out, F9 (Flyball, 9LS, EV 87.5 MPH)
|
Batting: SHB Freddy Galvis
|
0-0: Ball 1-0: Called Strike 1-1: Ball 2-1: Ground out 5-3 (Groundball, 5, EV 86.9 MPH)
|
Batting: LHB Brock Holt
|
0-0: Ball 1-0: Ball 2-0: Ball 3-0: Base on Balls
|
Batting: LHB Joey Votto
|
Pickoff Throw to First - Out! 1-3
|
Bottom of the 5th over - 0 runs, 0 hits, 0 errors, 0 left on base; Minnesota 0 - Oakland 2 |
TOP OF THE 6TH |
Minnesota Twins batting - Pitching for Oakland Athletics : RHP Garrett Richards
|
Batting: RHB Roberto Perez
|
0-0: Foul Ball, location: 2F 0-1: Called Strike 0-2: Strikes out swinging
|
Batting: RHB Whit Merrifield
|
0-0: Ball 1-0: Foul Ball, location: 2F 1-1: Foul Ball, location: 2F 1-2: Fly out, F9 (Flyball, 89S, EV 91.9 MPH)
|
Batting: RHB Miguel Rojas
|
0-0: Ball 1-0: Fly out, F4 (Popup, 4S, EV 76.3 MPH)
|
Top of the 6th over - 0 runs, 0 hits, 0 errors, 0 left on base; Minnesota 0 - Oakland 2 |
BOTTOM OF THE 6TH |
Oakland Athletics batting - Pitching for Minnesota Twins : RHP Jameson Taillon
|
Batting: LHB Joey Votto
|
0-0: Swinging Strike 0-1: Foul Ball, location: 2F 0-2: Ball 1-2: Ball 2-2: Ball 3-2: Base on Balls
|
Batting: RHB Luke Voit
|
0-0: SINGLE (Groundball, 56D, EV 96.9 MPH) Joey Votto to second
|
Batting: RHB Nick Castellanos
|
0-0: Called Strike 0-1: Ball 1-1: Ball 2-1: Swinging Strike 2-2: Strikes out swinging
|
Batting: LHB Mike Tauchman
|
0-0: Ball 1-0: Ball 2-0: Called Strike 2-1: DOUBLE (Flyball, 89XD, EV 106.3 MPH) Joey Votto scores Luke Voit to third
|
Batting: RHB Ramon Laureano
|
0-0: Intentional Walk
|
Batting: RHB Yandy Diaz
|
0-0: Foul Ball, location: 2F 0-1: Foul Ball, location: 2F 0-2: SINGLE (Groundball, 34, EV 103.8 MPH) Luke Voit scores Mike Tauchman to third Ramon Laureano to second
|
Batting: RHB Kurt Suzuki
|
0-0: Foul Ball, location: 2F 0-1: Called Strike 0-2: Strikes out swinging
|
Batting: SHB Freddy Galvis
|
0-0: Ball Wild Pitch! Mike Tauchman scores Ramon Laureano to third Yandy Diaz to second 1-0: Ball 2-0: SINGLE (Line Drive, 7S, EV 86.9 MPH) Ramon Laureano scores Yandy Diaz to third Runner from 3rd tries for Home, SAFE, throw by LF to home
|
Pitching: RHP Nick Anderson
|
|
Batting: LHB Brock Holt
|
0-0: SINGLE (Groundball, 4D, EV 98.8 MPH) Freddy Galvis to second
|
Batting: LHB Joey Votto
|
0-0: Fly out, F8 (Line Drive, 8LM, EV 110.6 MPH)
|
Bottom of the 6th over - 5 runs, 5 hits, 0 errors, 2 left on base; Minnesota 0 - Oakland 7 |
TOP OF THE 7TH |
Minnesota Twins batting - Pitching for Oakland Athletics : RHP Garrett Richards
|
Batting: RHB Carlos Correa
|
0-0: Fly out, F7 (Flyball, 7S, EV 89.4 MPH)
|
Batting: RHB Edwin Encarnacion
|
0-0: Ball 1-0: Ball 2-0: Swinging Strike 2-1: Swinging Strike 2-2: SINGLE (Flyball, 8LS, EV 93.1 MPH) - OUT at second base trying to stretch hit.
|
Batting: LHB Jay Bruce
|
0-0: Called Strike 0-1: Fly out, F9 (Flyball, 9D, EV 101.9 MPH)
|
Top of the 7th over - 0 runs, 1 hit, 0 errors, 0 left on base; Minnesota 0 - Oakland 7 |
BOTTOM OF THE 7TH |
Oakland Athletics batting - Pitching for Minnesota Twins : RHP Nick Anderson
|
Batting: RHB Luke Voit
|
0-0: Foul Ball, location: 2F 0-1: Ball 1-1: Called Strike 1-2: Ball 2-2: Strikes out looking
|
Pinch Hitting: LHB Alex Dickerson
|
0-0: Called Strike 0-1: Swinging Strike 0-2: Foul Ball, location: 2F 0-2: Ball 1-2: Ball 2-2: Ball 3-2: Strikes out swinging
|
Batting: LHB Mike Tauchman
|
0-0: Called Strike 0-1: Swinging Strike 0-2: Foul Ball, location: 2F 0-2: Ball 1-2: Strikes out swinging
|
Bottom of the 7th over - 0 runs, 0 hits, 0 errors, 0 left on base; Minnesota 0 - Oakland 7 |
TOP OF THE 8TH |
Minnesota Twins batting - Pitching for Oakland Athletics : RHP Garrett Richards
|
Now in CF: Marcus Wilson
|
|
Batting: RHB Michael Chavis
|
0-0: Ball 1-0: Ball 2-0: Called Strike 2-1: Foul Ball, location: 2F 2-2: Strikes out looking
|
Batting: RHB Domingo Santana
|
0-0: Swinging Strike 0-1: Fly out, F3 (Popup, 3F, EV 78.1 MPH)
|
Batting: RHB Teoscar Hernandez
|
0-0: Ground out 4-3 (Groundball, 4, EV 88.8 MPH)
|
Top of the 8th over - 0 runs, 0 hits, 0 errors, 0 left on base; Minnesota 0 - Oakland 7 |
BOTTOM OF THE 8TH |
Oakland Athletics batting - Pitching for Minnesota Twins : RHP Nick Anderson
|
Batting: RHB Ramon Laureano
|
0-0: Ball 1-0: Called Strike 1-1: Called Strike 1-2: Fly out, F9 (Line Drive, 9, EV 97.5 MPH)
|
Batting: RHB Yandy Diaz
|
0-0: Called Strike 0-1: Foul Ball, location: 2F 0-2: Strikes out looking
|
Batting: RHB Kurt Suzuki
|
0-0: Ball 1-0: Ball 2-0: Swinging Strike 2-1: Ball 3-1: Base on Balls
|
Batting: SHB Freddy Galvis
|
0-0: Foul Ball, location: 2F 0-1: Called Strike 0-2: Foul Ball, location: 2F 0-2: Ball 1-2: Strikes out swinging
|
Bottom of the 8th over - 0 runs, 0 hits, 0 errors, 1 left on base; Minnesota 0 - Oakland 7 |
TOP OF THE 9TH |
Minnesota Twins batting - Pitching for Oakland Athletics : RHP Garrett Richards
|
Batting: RHB Roberto Perez
|
0-0: Called Strike 0-1: Fly out, F3 (Line Drive, 3, EV 66.3 MPH)
|
Batting: RHB Whit Merrifield
|
0-0: Called Strike 0-1: Foul Ball, location: 2F 0-2: Ground out U3 (Groundball, 34, EV 86.9 MPH)
|
Batting: RHB Miguel Rojas
|
0-0: Ball 1-0: Called Strike 1-1: Swinging Strike 1-2: SINGLE (Groundball, 34D, EV 105.6 MPH)
|
Pitching: RHP Zach Eflin
|
|
Batting: RHB Carlos Correa
|
0-0: Called Strike 0-1: Foul Ball, location: 2F 0-2: Ball 1-2: Fly out, F8 (Line Drive, 8RD, EV 101.3 MPH)
|
Top of the 9th over - 0 runs, 1 hit, 0 errors, 1 left on base; Minnesota 0 - Oakland 7 |
|